Map: Hard Lead LE

Players

LiquidClem (Clem) - Winner!

  • Race: Terran Terran
  • League: Grandmaster
  • Spawn Location: 11:00

MaxPax

  • Race: Protoss Protoss
  • League: Grandmaster
  • Spawn Location: 5:00

VOD

Have the link to the VOD?

Description

Time

  • Played on: Oct. 9, 2023, 3:50 p.m.
  • Length: 8:50
Show
View Real Time Build Order
Export as new Build Order

LiquidClem Terran - Winner!

Build Orders:  

Get SALT Encoding   

  12  0:00  SCV  
  13  0:16  Supply Depot  
  13  0:18  SCV  
  14  0:30  SCV  
  15  0:37  Barracks  
  15  0:42  Refinery  
  15  0:46  SCV  
  16  0:52  Refinery  
  16  0:58  SCV  
  17  1:10  SCV  
  18  1:24  Orbital Command, Reaper  
  19  1:31  Supply Depot  
  19  1:45  Factory  
  19  1:50  SCV  
  20  1:56  Reaper  
  21  2:03  SCV  
  22  2:15  SCV  
  23  2:27  SCV  
  26  2:30  Widow Mine, Starport  
  26  2:33  Supply Depot  
  26  2:39  SCV  
  27  2:51  Widow Mine  
  29  3:00  Command Center  
  29  3:02  SCV  
  30  3:06  Medivac  
  30  3:12  Widow Mine  
  34  3:18  Armory  
  34  3:23  Supply Depot  
  34  3:26  SCV  
  35  3:37  Starport Tech Lab  
  35  3:38  SCV  
  35  3:39  Factory Tech Lab  
  36  3:45  Barracks, Barracks Reactor  
  36  3:50  SCV  
  37  3:58  Supply Depot  
  37  4:00  Cyclone  
  39  4:08  Viking  
  39  4:09  SCV  
  41  4:22  SCV  
  41  4:23  Marine x2  
  44  4:30  Orbital Command  
  44  4:34  SCV  
  45  4:41  Marine x2  
  45  4:43  Marine  
  45  4:44  Stimpack  
  48  4:46  SCV  
  47  4:56  Barracks, Engineering Bay  
  47  4:58  SCV  
  47  4:59  Marine  
  45  5:00  Factory Reactor  
  45  5:01  SCV  
  45  5:03  Marine  
  45  5:04  Marine  
  48  5:10  SCV  
  48  5:13  SCV  
  50  5:14  Starport Reactor  
  50  5:17  Marine  
  50  5:20  Marine  
  52  5:22  SCV, Marine  
  52  5:23  Terran Infantry Weapons Level 1  
  52  5:25  Missile Turret, SCV  
  55  5:31  Missile Turret  
  55  5:32  Refinery  
  55  5:35  SCV  
  56  5:37  SCV  
  56  5:39  Marine, Widow Mine x2  
  56  5:40  Marine  
  63  5:43  Supply Depot  
  63  5:47  SCV  
  63  5:49  SCV  
  65  5:52  Marauder  
  65  5:56  Supply Depot  
  67  5:59  Marine x2, SCV  
  67  6:03  Combat Shield  
  70  6:05  Marauder  
  70  6:08  SCV  
  70  6:10  Supply Depot  
  70  6:11  SCV  
  74  6:13  Refinery  
  74  6:15  Medivac  
  74  6:17  Medivac  
  77  6:20  Marine  
  77  6:21  Marine  
  77  6:23  SCV  
  77  6:25  Marauder  
  82  6:29  Supply Depot  
  82  6:30  Marauder  
  82  6:31  SCV  
  85  6:36  Supply Depot  
  85  6:38  Marine x2  
  85  6:39  SCV  
  88  6:44  Widow Mine x2  
  88  6:46  SCV  
  93  6:48  Supply Depot  
  93  6:52  Medivac x2  
  97  6:56  Marauder  
  99  7:02  Marauder, Supply Depot  
  99  7:07  Marine x2  
  100  7:16  Command Center  
  100  7:20  Widow Mine x2  
  102  7:25  Marauder  
  102  7:26  Marauder  
  102  7:28  Marine x2  
  108  7:35  SCV, Supply Depot  
  110  7:47  SCV  
  110  7:49  Barracks  
  110  7:51  Barracks  
  110  7:53  Medivac  
  110  7:54  SCV, Medivac  
  113  8:00  Widow Mine x2, Supply Depot  
  113  8:04  Marauder  
  119  8:08  Marauder  
  119  8:09  SCV  
  119  8:11  SCV  
  121  8:14  Marine x2  
  121  8:17  Supply Depot  
  123  8:21  SCV  
  123  8:23  SCV  
  123  8:26  Widow Mine x2  
  123  8:27  Marine  
  117  8:48  Barracks Reactor, Barracks Tech Lab  
Show
View Real Time Build Order
Export as new Build Order

MaxPax Protoss 

Build Orders: 1 Gate Expand, Phoenix Opening 

Get SALT Encoding   

  12  0:00  Probe  
  13  0:12  Probe  
  14  0:16  Pylon  
  14  0:24  Probe (Chrono Boost)  
  16  0:35  Gateway  
  16  0:36  Probe (Chrono Boost)  
  16  0:42  Probe (Chrono Boost)  
  16  0:45  Assimilator  
  17  0:50  Probe  
  18  1:03  Probe  
  19  1:15  Probe  
  20  1:22  Cybernetics Core  
  20  1:24  Zealot  
  22  1:37  Nexus  
  22  1:42  Pylon  
  22  1:47  Probe  
  22  1:50  Assimilator  
  23  1:57  Stalker (Chrono Boost)  
  25  2:07  Probe  
  26  2:19  Probe  
  28  2:31  Probe  
  27  2:43  Stargate, Probe  
  28  2:47  Shield Battery  
  28  2:49  Probe  
  28  2:51  Warp Gate  
  29  2:55  Probe  
  30  3:01  Shield Battery  
  30  3:03  Probe (Chrono Boost)  
  31  3:12  Probe (Chrono Boost)  
  32  3:15  Probe (Chrono Boost)  
  34  3:21  Probe (Chrono Boost)  
  34  3:23  Probe (Chrono Boost)  
  34  3:26  Phoenix  
  37  3:27  Probe (Chrono Boost)  
  37  3:30  Probe (Chrono Boost)  
  37  3:33  Pylon  
  39  3:35  Probe  
  40  3:42  Robotics Facility, Probe  
  40  3:47  Probe  
  42  3:51  Phoenix (Chrono Boost)  
  42  3:54  Probe  
  45  3:58  Assimilator  
  45  3:59  Probe  
  46  4:07  Probe  
  46  4:11  Probe  
  46  4:16  Phoenix  
  45  4:26  Probe  
  45  4:29  Observer (Chrono Boost)  
  47  4:31  Probe  
  47  4:38  Probe  
  48  4:43  Probe  
  46  4:48  Phoenix  
  48  4:54  Probe  
  48  4:57  Assimilator, Probe  
  50  5:08  Pylon  
  50  5:10  Probe x2 (Chrono Boost)  
  52  5:19  Pylon  
  52  5:20  Probe x2 (Chrono Boost)  
  54  5:22  Robotics Bay  
  54  5:24  Probe (Chrono Boost)  
  54  5:28  Probe  
  55  5:32  Immortal (Chrono Boost)  
  60  5:36  Probe  
  60  5:40  Probe, Pylon  
  62  5:58  Phoenix  
  62  6:02  Nexus  
  64  6:05  Probe x2  
  64  6:08  Colossus (Chrono Boost)  
  72  6:17  Probe x2  
  74  6:23  Shield Battery  
  74  6:24  Pylon  
  74  6:27  Phoenix  
  74  6:29  Probe  
  77  6:36  Extended Thermal Lance  
  78  6:42  Pylon, Probe  
  78  6:47  Probe, Colossus (Chrono Boost)  
  85  6:54  Probe  
  85  6:59  Shield Battery  
  85  7:00  Phoenix  
  88  7:01  Pylon  
  88  7:04  Probe  
  88  7:06  Probe  
  88  7:16  Probe  
  88  7:18  Probe  
  88  7:20  Sentry  
  91  7:25  Probe  
  91  7:29  Probe, Colossus (Chrono Boost)  
  93  7:31  Phoenix  
  93  7:36  Probe  
  102  7:37  Pylon  
  102  7:39  Probe  
  102  7:41  Probe, Pylon  
  103  7:48  Probe  
  104  7:52  Probe  
  104  7:56  Probe  
  104  7:58  Adept, Twilight Council, Forge  
  106  8:00  Probe  
  109  8:08  Probe  
  109  8:11  Probe  
  110  8:17  Probe  
  117  8:20  Probe  
  117  8:25  Assimilator  
  117  8:26  Assimilator  
  112  8:29  Probe  
  112  8:30  Zealot  
Tags
 
Add a new tag
Caveats
  • Supply blocks, unpowered buildings, or Contaminate may cause inaccurate times.
  • Supply counts are checked every 10 seconds.